 Dungeon Crawl Stone Soup version 0.18.1-48-g4cf74bf (webtiles) character file.

315 Matyi1199 the Ducker (level 6, -5/61 HPs)
             Began as a Troll Wanderer on June 24, 2016.
             Was an Initiate of Makhleb.
             Slain by an orc
             ... wielding the +8 war axe "Xyimuow" {drain, MR+ Int-2 Dex+2 Stlth+}
              (14 damage)
             ... on level 4 of the Dungeon.
             The game lasted 00:22:45 (2547 turns).

Matyi1199 the Ducker (Troll Wanderer)               Turns: 2547, Time: 00:22:46

Health: -5/61      AC:  8    Str: 24    XL:     6   Next: 19%
Magic:  5/5        EV: 10    Int:  7    God:    Makhleb [......]
Gold:   174        SH:  0    Dex:  9    Spells: 0 memorised, 5 levels left

rFire  . . .     SeeInvis .     r - +2 whip (elec)
rCold  . . .     Gourm    +     f - +0 robe
rNeg   . . .     Faith    .     (no shield)
rPois  .         Spirit   .     (helmet restricted)
rElec  .         Dismiss  .     e - +2 cloak
rCorr  .         Reflect  .     (gloves unavailable)
SustAt .         Harm     .     (boots unavailable)
MR     .....                    (no amulet)
Stlth  +.........               (no ring)
                                (no ring)

@: not resistant to hostile enchantments, very unstealthy
A: unfitting armour, claws 3, fast metabolism 3, gourmand, regeneration 2,
shaggy fur 1, tough skin 2
a: Renounce Religion


You were on level 4 of the Dungeon.
You worshipped Makhleb.
Makhleb was noncommittal.
You were not hungry.

You visited 1 branch of the dungeon, and saw 4 of its levels.

You collected 174 gold pieces.

Inventory:

Hand Weapons
 a - a +2 shortbow
 g - a +0 dagger
 r - a +2 whip of electrocution (weapon)
Missiles
 b - 37 arrows (quivered)
 d - 49 bolts
Armour
 e - a +2 cloak (worn)
 f - a +0 robe (worn)
 n - a cursed +0 ring mail
Scrolls
 j - 4 scrolls of fog
 k - 2 scrolls of identify
 t - a scroll of random uselessness
 v - a scroll of recharging
Potions
 c - a potion of brilliance {unknown}
 i - a potion of agility {unknown}
 m - a potion of heal wounds {unknown}
 p - a potion of might {unknown}
 u - a potion of cancellation {unknown}
 w - a potion of lignification {unknown}
Comestibles
 h - 2 bread rations
 l - 4 fruits
 o - a royal jelly
 q - a beef jerky
 s - 3 meat rations


   Skills:
 + Level 3.2 Fighting
 + Level 1.2 Short Blades
 + Level 0.5 Maces & Flails
 + Level 2.6 Bows
 + Level 1.0 Throwing
 + Level 3.5 Dodging
 + Level 1.3 Stealth


You had 5 spell levels left.
You didn't know any spells.

Dungeon Overview and Level Annotations

Branches:
Dungeon (4/15)
 Temple: D:4-7

Altars:
Makhleb
Trog

Shops:
D:4 }**


Innate Abilities, Weirdness & Mutations

You are too large for most types of armour.
You have claws for hands.
Your metabolism is lightning-fast.
You like to eat raw meat.
You heal very quickly.
You are covered in fur (AC +1).
You have very tough skin (AC +2).


Message History

The scroll dissolves into smoke.
The centaur hits you but does no damage.
The orc wizard casts a spell.
The orc wizard blinks!
The centaur barely misses you.
The centaur wields an uncursed shortbow.
The centaur shoots an arrow.
The arrow hits you!
* * * LOW HITPOINT WARNING * * *
You see here an arrow.
You hit the ogre.
The ogre is moderately wounded.
The ogre barely misses you. The orc barely misses you.
You hit the ogre.
The ogre is heavily wounded.
The centaur shoots an arrow.
The arrow hits you.
* * * LOW HITPOINT WARNING * * *
The orc hits you but does no damage.
The ogre hits you with a giant spiked club!
* * * LOW HITPOINT WARNING * * *
The orc hits you with a pitted war axe {drain}!
You die...

#............##.........#
#.#
.........######......##.#
#.#
#........###########.#..#
#.# #............#
#####...## #.#
.......###..####......##
#.#
#.###.....o......§§...##
..# #.
##.##.#.§§#c§§.....###.##
#.## #8(§(...§oo§§.........
....##..#...#§§O@§.........
.$..8?∩.8.#####o§§..###....
....?..#### ##§§..........
......8# #.......###.##
....#..# #........#
...##### #........# ..$
#........## ... ....##...##
.. .... #####


You could see an ogre, a centaur, an orc wizard and 2 orcs.

Vanquished Creatures
  A black bear (D:2)
  An ogre (D:4)
  An iguana (D:3)
  A gnoll (D:2)
  4 adders
  An ooze (D:3)
  A worm (D:2)
  A dart slug (D:1)
  6 giant geckos
  An orc (D:3)
  A giant cockroach (D:3)
  7 goblins
  6 hobgoblins
  7 kobolds
  A quokka (D:2)
  8 bats
  4 giant newts
  12 rats
64 creatures vanquished.

Notes
Turn   | Place    | Note
--------------------------------------------------------------
     0 | D:1      | Matyi1199 the Troll Wanderer began the quest for the Orb.
     0 | D:1      | Matyi1199 set off with: a +2 shortbow, 19 arrows, a +0 hand crossbow, 24 bolts, a potion of curing, a +0 robe, a +0 dagger, 2 bread rations
     0 | D:1      | Reached XP level 1. HP: 22/22 MP: 0/0
   187 | D:1      | Reached XP level 2. HP: 29/29 MP: 1/1
   736 | D:2      | Reached XP level 3. HP: 36/36 MP: 2/2
   883 | D:2      | Found a burning altar of Makhleb.
  1419 | D:2      | Reached XP level 4. HP: 38/44 MP: 3/3
  1632 | D:2      | Became a worshipper of Makhleb the Destroyer
  1672 | D:3      | Found a bloodstained altar of Trog.
  1796 | D:3      | Noticed a black bear
  1883 | D:2      | Killed a black bear
  1883 | D:2      | Reached XP level 5. HP: 23/53 MP: 4/4
  2355 | D:4      | Found Vakhearu's Assorted Antiques.
  2374 | D:4      | Noticed an ogre
  2400 | D:4      | Killed an ogre
  2400 | D:4      | Reached XP level 6. HP: 61/61 MP: 5/5
  2472 | D:4      | Found Kadar's Assorted Antiques.
  2476 | D:4      | Found Zischoti's Gadget Shoppe.
  2547 | D:4      | Identified the +8 war axe "Xyimuow" {drain, MR+ Int-2 Dex+2 Stlth+}
  2547 | D:4      | Slain by an orc

Skill      XL: |  1  2  3  4  5 |
---------------+----------------+-----
Bows           | 2 |  2.6
Fighting       | 3 |  3.2
Dodging        | 2 3 |  3.5
Short Blades   | |  1.2
Maces & Flails | |  0.5
Throwing       | |  1.0
Stealth        | |  1.3

Action                   |  1- 3 |  4- 6 || total
-------------------------+-------+-------++-------
Melee: Dagger            |    65 |       ||    65
       Shortbow          |     5 |       ||     5
       Whip              |    15 |    73 ||    88
 Fire: Shortbow          |    62 |     4 ||    66
  Use: Scroll            |     5 |     5 ||    10
       Potion            |     1 |     1 ||     2
  Eat: Chunk             |    11 |     8 ||    19
       Bread ration      |       |     1 ||     1
Armor: Robe              |    40 |    40 ||    80
Dodge: Dodged            |    65 |    73 ||   138
